 Dungeon Crawl Stone Soup version 0.26-a0-651-gb41185065b (webtiles) character file.

Game seed: 17778804481286653151

172 loralnil the Conjurer (level 5, -3/31 HPs)
             Began as an Octopode Conjurer on Oct 14, 2020.
             Was an Initiate of Sif Muna.
             Slain by Pikel
             ... wielding a +2 whip of flaming
              (6 damage)
             ... on level 3 of the Dungeon.
             The game lasted 00:07:58 (3810 turns).

loralnil the Conjurer (Octopode Conjurer)           Turns: 3810, Time: 00:07:59

Health: -3/31      AC:  1    Str:  6    XL:     5   Next: 52%
Magic:  0/9        EV: 14    Int: 22    God:    Sif Muna [......]
Gold:   191        SH:  0    Dex: 10    Spells: 4/10 levels left

rFire    . . .     SeeInvis .   h - +0 dagger (elec)
rCold    . . .     Faith    .   (no shield)
rNeg     . . .     Spirit   .   (helmet restricted)
rPois    .         Reflect  .   (no amulet)
rElec    .         Harm     .   (no ring)
rCorr    .         Rampage  .   (no ring)
MR       .....                  (no ring)
Stlth    +++.......             (no ring)
HPRegen  0.10/turn              (no ring)
MPRegen  0.11/turn              (no ring)
                                (no ring)
                                (no ring)

@: no status effects
A: almost no armour, stealthy swim, amphibious, 8 rings, constrict 8, camouflage
1, gelatinous body 1
a: Renounce Religion


You were on level 3 of the Dungeon.
You worshipped Sif Muna.
Sif Muna was noncommittal.
You visited 2 branches of the dungeon, and saw 5 of its levels.

You collected 191 gold pieces.

Inventory:

Hand Weapons
 h - a +0 dagger of electrocution (weapon)
Scrolls
 b - a scroll of teleportation
 e - 4 scrolls of fog
 f - a scroll of identify
 i - a scroll of enchant weapon {unknown}
 j - 2 scrolls of amnesia
Potions
 a - a potion of curing {unknown}
 c - a potion of heal wounds
 d - 3 potions of brilliance {unknown}
 g - a potion of invisibility {unknown}
 k - a potion of might {unknown}
 l - a potion of cancellation {unknown}


   Skills:
 + Level 3.2 Dodging
 + Level 4.5 Stealth
 + Level 3.0 Spellcasting
 + Level 4.7 Conjurations


You had 4 spell levels left.
You knew the following spells:

 Your Spells              Type           Power        Failure   Level
a - Magic Dart            Conj           ###.         1%          1
b - Searing Ray           Conj           ###...       2%          2
c - Dazzling Flash        Conj/Hex       ##....       14%         3

Your spell library contained the following spells:

 Spells                   Type           Power        Failure   Level
 Confusing Touch          Hex            #.......     36%         3
 Gell's Gravitas          Tloc           #.........   36%         3
 Fulminant Prism          Conj/Hex       ##........   43%         4
 Iskenderun's Mystic Bla  Conj/Tloc      ##......     43%         4
 Petrify                  Tmut/Erth      #.......     77%         4
 Metabolic Englaciation   Hex/Ice        #.........   98%         5
 Yara's Violent Unravell  Hex/Tmut       #.........   98%         5


Dungeon Overview and Level Annotations

Branches:
Dungeon (4/15)             Temple (1/1) D:4

Altars:
Ashenzari
Cheibriados
Hepliaklqana
Nemelex Xobeh
Okawaru
Sif Muna
Uskayaw
Vehumet
Wu Jian
Xom
The Shining One

Annotations:
D:3 Pikel


Innate Abilities, Weirdness & Mutations

You cannot wear most types of armour.
You are very stealthy in the water. (Stealth+)
You are amphibious.
You can wear up to eight rings at the same time.
You can use your tentacles to constrict eight enemies at once.
Your skin changes colour to match your surroundings (Stealth+).
Your rubbery body absorbs attacks. (AC +1, EV +1)


Message History

Pikel is almost dead.
You constrict Pikel, but do no damage.
Pikel hits you with a +2 whip of flaming!
* * * LOW HITPOINT WARNING * * *
Pikel burns you.
* * * LOW HITPOINT WARNING * * *
You release your grip on Pikel.
Casting: Searing Ray (safe; 2% risk of failure)
Confirm with . or Enter, or press ? or * to list all spells.
Aiming: Searing Ray (safe; 2% risk of failure)
Press: ? - help, Shift-Dir - straight line, f - Pikel
Aim: Pikel, wielding a +2 whip of flaming and wearing a +0 robe of the Archmagi (almost dead)
The searing ray hits Pikel.
Pikel is almost dead. (Press . to maintain the ray.) Pikel barely misses you.
You closely miss Pikel. Your grab misses Pikel.
Pikel is almost dead.
Pikel hits you with a +2 whip of flaming.
You die...

#.................########.######
#.##########.....................
................#.########.####..
#............#..#.# #.# #..
#..#####....<#..#.# #############
#....#..........#.# #.....#######
#...............#.# #.....###☼☼☼#
#.≈..#########..#.###.....##☼○§.§
#.≈..#.........K@.........##.§°§.
##≈.≈..#######.##.##########○○§§§
##≈≈...#.....#.##.# ###§..#
##≈≈≈≈.#.###.#.##.##### #######
##≈≈≈#.#.###.#.##.#...# #≈.....
##≈..#..<..#.#.##.#...# #######
##...#.#####.#.##.#...#######§§§#
##...#...................###°○§§.
##...........#.##.#...##.###○☼○§○


You could see Pikel.

Vanquished Creatures
  An orc priest (D:3)
  A worker ant (D:4)
  5 adders
  A worm (D:3)
  5 dart slugs (D:1)
  2 leopard geckos
  3 orcs
  2 giant cockroaches
  6 goblins
  A hobgoblin (D:3)
  8 jackals
  2 quokkas (D:2)
  6 bats
  2 frilled lizards
  8 kobolds
  A leopard gecko skeleton (D:4)
  5 rats
59 creatures vanquished.

Vanquished Creatures (others)
  A fungus (D:4)
1 creature vanquished.

Grand Total: 60 creatures vanquished

Notes
Turn   | Place    | Note
-------+----------+-------------------------------------------
     0 | D:1      | loralnil the Octopode Conjurer began the quest for the Orb.
     0 | D:1      | Reached XP level 1. HP: 11/11 MP: 3/3
   220 | D:1      | Reached XP level 2. HP: 17/17 MP: 3/5
   224 | D:1      | Learned a level 2 spell: Searing Ray
   671 | D:1      | Reached XP level 3. HP: 21/21 MP: 4/6
   676 | D:1      | Learned a level 3 spell: Dazzling Flash
   768 | D:1      | Found a glowing golden altar of the Shining One.
  1290 | D:2      | Found an iron altar of Okawaru.
  2163 | D:2      | Found a broken altar of Ashenzari.
  2285 | D:3      | Reached XP level 4. HP: 27/27 MP: 3/7
  2467 | D:3      | Found a sparkling altar of Nemelex Xobeh.
  2660 | D:3      | Found a glowing golden altar of the Shining One.
  2741 | D:3      | HP: 1/27 [orc priest (4)]
  2742 | D:3      | Reached XP level 5. HP: 23/31 MP: 4/9
  3444 | D:4      | Found a staircase to the Ecumenical Temple.
  3515 | Temple   | Entered the Ecumenical Temple
  3566 | Temple   | Became a worshipper of Sif Muna the Loreminder
  3590 | D:4      | Noticed Pikel
  3598 | D:4      | Noticed a lemure
  3788 | D:4      | Noticed a lemure
  3790 | D:4      | Noticed a lemure
  3792 | D:4      | Noticed a lemure
  3810 | D:3      | Slain by Pikel

Illustrated notes

Levels and vault maps discovered:
D:1:      onia_arrival_mini_maze, layout_loops_ring, serial_park_tiny_1,
          tso_altar
D:2:      layout_loops_cross, lemuel_crystal_altar, overflow_temple_1_default,
          minmay_fractal_squares_5
D:3:      layout_basic, nemelex_altar_shiori, lemuel_round_altar, serial_rivers,
          chequers_serial_rivers_small_b, chequers_serial_rivers_micro_e,
          chequers_serial_rivers_small_a, chequers_serial_rivers_small_3
D:4:      layout_cave_pools, fedhas_altar_3, minmay_temple_entry_grid,
          uniq_natasha, uniq_pikel
Temple:   jpeg_temple_clearing

Skill      XL: |  1  2  3  4  5 |
---------------+----------------+-----
Stealth        | 3 4 |  4.5
Dodging        | 3 |  3.2
Spellcasting   | 3 |  3.0
Conjurations   | |  4.7

Action                   |  1- 3 |  4- 6 || total
-------------------------+-------+-------++-------
Melee: Unarmed           |     2 |       ||     2
       Constrict         |     4 |     8 ||    12
       Short sword       |     5 |       ||     5
       Tentacles         |     1 |     2 ||     3
       Dagger            |    10 |    35 ||    45
 Cast: Magic Dart        |    66 |    18 ||    84
       Searing Ray       |     4 |     6 ||    10
  Use: Scroll            |     6 |     1 ||     7
       Potion            |       |     2 ||     2
 Stab: Sleeping          |     1 |     2 ||     3
Armor: Skin              |     4 |     2 ||     6
Dodge: Dodged            |    26 |    21 ||    47

Table legend: (Time is in decaauts)
 A = Elapsed time spent in this place.
 B = Non-inter-level travel time spent in this place.
 C = Inter-level travel time spent in this place.
 D = Time resting spent in this place.
 E = Time spent auto-exploring this place.
 F = Levels seen in this place.
 G = Mean time per level.
                   A        B        C        D        E       F      G
               +--------+--------+--------+--------+--------+-----+--------+
         Total |   3816 |   3678 |    138 |    141 |   3099 |   5 |  763.2 |
       Dungeon |   3752 |   3614 |    138 |    141 |   3065 |   4 |  938.0 |
        Temple |     63 |     63 |      0 |      0 |     34 |   1 |   63.0 |
               +--------+--------+--------+--------+--------+-----+--------+

Top non-repeatable levels by time:
     D:1: 1408 daAuts
     D:3: 1193 daAuts
     D:2: 855 daAuts
     D:4: 296 daAuts
  Temple: 63 daAuts
